| TOP OF THE 1ST |
|
Salem-Keizer Volcanoes batting - Pitching for Milwaukee (NYP) Brewers : RHP Brad Nathan
|
|
Pitching: RHP Brad Nathan
|
|
|
Batting: LHB Joe Hoover
|
0-0: Ground out U3 (Groundball, 3, EV 101.9 MPH)
|
|
Batting: LHB Tom Reynolds
|
0-0: Called Strike 0-1: Called Strike 0-2: Ground out 1-3 (Groundball, 15S, EV 65.0 MPH)
|
|
Batting: LHB Mike Sammons
|
0-0: Ball 1-0: Foul Ball, location: 2F 1-1: Foul Ball, location: 2F 1-2: Ball 2-2: Foul Ball, location: 2F 2-2: Foul Ball, location: 2F 2-2: Ball 3-2: Strikes out swinging
|
| Top of the 1st over - 0 runs, 0 hits, 0 errors, 0 left on base; Salem-Keizer 0 - Milwaukee (NYP) 0 |
| BOTTOM OF THE 1ST |
|
Milwaukee (NYP) Brewers batting - Pitching for Salem-Keizer Volcanoes : RHP Chong-hun Park
|
|
Pitching: RHP Chong-hun Park
|
|
|
Batting: RHB Mohammed bin Ubaida
|
0-0: Ball 1-0: Called Strike 1-1: SINGLE (Groundball, 56D, EV 95.0 MPH) (infield hit)
|
|
Batting: LHB Dusty Bryant
|
0-0: Ball 1-0: Ball 2-0: Ball 3-0: Called Strike 3-1: Foul Ball, location: 2F 3-2: Foul Ball, location: 2F 3-2: Base on Balls Mohammed bin Ubaida to second
|
|
Batting: RHB Ryan Miller
|
0-0: SINGLE (Groundball, 6S, EV 67.5 MPH) (infield hit) Mohammed bin Ubaida to third Dusty Bryant to second
|
|
Batting: LHB John Fortin
|
0-0: Ball 1-0: Called Strike 1-1: Ball 2-1: Swinging Strike 2-2: Fielders Choice at 2nd, 4-6 (Groundball, 4D, EV 101.2 MPH) Mohammed bin Ubaida scores Dusty Bryant to third
|
|
Batting: RHB Tony Beaumond
|
0-0: Ball 1-0: Called Strike John Fortin steals 2nd base 1-1: Ball 2-1: Ground out 3-1 (Groundball, 34, EV 103.1 MPH) Dusty Bryant scores John Fortin to third
|
|
Batting: RHB Jose Cerritos
|
0-0: Called Strike 0-1: Fly out, F8 (Flyball, 78D, EV 98.1 MPH)
|
| Bottom of the 1st over - 2 runs, 2 hits, 0 errors, 1 left on base; Salem-Keizer 0 - Milwaukee (NYP) 2 |
| TOP OF THE 2ND |
|
Salem-Keizer Volcanoes batting - Pitching for Milwaukee (NYP) Brewers : RHP Brad Nathan
|
|
Batting: LHB Chris Raymond
|
0-0: Called Strike 0-1: Swinging Strike 0-2: Ground out 1-3 (Groundball, 13, EV 63.8 MPH)
|
|
Batting: RHB Adrian Martinelli
|
0-0: Ball 1-0: Ball 2-0: Ball 3-0: Called Strike 3-1: Ground out 5-3 (Groundball, 5, EV 106.2 MPH)
|
|
Batting: RHB Matt Fabre
|
0-0: Ball 1-0: Ball 2-0: Ball 3-0: Called Strike 3-1: Base on Balls
|
|
Batting: SHB Curtis Thompson
|
0-0: Ball Matt Fabre steals 2nd base 1-0: Called Strike 1-1: Ground out 1-3 (Groundball, 13S, EV 72.5 MPH)
|
| Top of the 2nd over - 0 runs, 0 hits, 0 errors, 1 left on base; Salem-Keizer 0 - Milwaukee (NYP) 2 |
| BOTTOM OF THE 2ND |
|
Milwaukee (NYP) Brewers batting - Pitching for Salem-Keizer Volcanoes : RHP Chong-hun Park
|
|
Batting: RHB Michael Dickerson
|
0-0: Foul Ball, location: 2F 0-1: Ball 1-1: Swinging Strike 1-2: Ball 2-2: Strikes out swinging
|
|
Batting: RHB Lorenzo Diaz
|
0-0: Ground out 4-3 (Groundball, 4, EV 108.8 MPH)
|
|
Batting: RHB Chris Riddel
|
0-0: Ball 1-0: Called Strike 1-1: Swinging Strike 1-2: Strikes out swinging
|
| Bottom of the 2nd over - 0 runs, 0 hits, 0 errors, 0 left on base; Salem-Keizer 0 - Milwaukee (NYP) 2 |
| TOP OF THE 3RD |
|
Salem-Keizer Volcanoes batting - Pitching for Milwaukee (NYP) Brewers : RHP Brad Nathan
|
|
Batting: RHB Tony Harper
|
0-0: Ball 1-0: Ball 2-0: Ground out 5-3 (Groundball, 56, EV 84.4 MPH)
|
|
Batting: RHB Mario Mendoza
|
0-0: Foul Ball, location: 2F 0-1: Ground out 5-3 (Groundball, 5S, EV 85.6 MPH)
|
|
Batting: LHB Joe Hoover
|
0-0: Called Strike 0-1: Ball 1-1: Called Strike 1-2: Ball 2-2: TRIPLE (Line Drive, 9LD, EV 98.8 MPH)
|
|
Batting: LHB Tom Reynolds
|
0-0: Called Strike 0-1: Swinging Strike 0-2: Foul Ball, location: 2F 0-2: Ball 1-2: Ground out 5-3 (Groundball, 56, EV 94.4 MPH)
|
| Top of the 3rd over - 0 runs, 1 hit, 0 errors, 1 left on base; Salem-Keizer 0 - Milwaukee (NYP) 2 |
| BOTTOM OF THE 3RD |
|
Milwaukee (NYP) Brewers batting - Pitching for Salem-Keizer Volcanoes : RHP Chong-hun Park
|
|
Batting: RHB Mohammed bin Ubaida
|
0-0: Ball 1-0: Ball 2-0: Ball 3-0: Base on Balls
|
|
Batting: LHB Dusty Bryant
|
0-0: Ball 1-0: Called Strike 1-1: Called Strike 1-2: Grounds into double play, 4-6-3 (Groundball, 4, EV 99.4 MPH)
|
|
Batting: RHB Ryan Miller
|
0-0: Ball 1-0: Called Strike 1-1: Ball 2-1: Foul Ball, location: 2F 2-2: Ground out 5-3 (Groundball, 56, EV 103.8 MPH)
|
| Bottom of the 3rd over - 0 runs, 0 hits, 0 errors, 0 left on base; Salem-Keizer 0 - Milwaukee (NYP) 2 |
| TOP OF THE 4TH |
|
Salem-Keizer Volcanoes batting - Pitching for Milwaukee (NYP) Brewers : RHP Brad Nathan
|
|
Batting: LHB Mike Sammons
|
0-0: Ball 1-0: Swinging Strike 1-1: Foul Ball, location: 2F 1-2: Ball 2-2: Ball 3-2: Foul Ball, location: 2F 3-2: DOUBLE (Groundball, 3L, EV 106.9 MPH)
|
|
Batting: LHB Chris Raymond
|
0-0: Ball Passed Ball! Mike Sammons to third 1-0: Swinging Strike 1-1: Ball 2-1: Swinging Strike 2-2: Ball 3-2: Base on Balls
|
|
Batting: RHB Adrian Martinelli
|
0-0: Called Strike 0-1: Ground out 5-3 (Groundball, 56, EV 80.6 MPH) Chris Raymond to second
|
|
Batting: RHB Matt Fabre
|
0-0: Ground out 4-3 (Groundball, 4, EV 90.6 MPH) Mike Sammons scores Chris Raymond to third
|
|
Batting: SHB Curtis Thompson
|
0-0: Foul Ball, location: 2F 0-1: Foul Ball, location: 2F 0-2: Ball 1-2: Fly out, F8 (Flyball, 78M, EV 77.5 MPH)
|
| Top of the 4th over - 1 run, 1 hit, 0 errors, 1 left on base; Salem-Keizer 1 - Milwaukee (NYP) 2 |
| BOTTOM OF THE 4TH |
|
Milwaukee (NYP) Brewers batting - Pitching for Salem-Keizer Volcanoes : RHP Chong-hun Park
|
|
Batting: LHB John Fortin
|
0-0: Ball 1-0: Foul Ball, location: 2F 1-1: Foul Ball, location: 2F 1-2: Ball 2-2: Strikes out swinging
|
|
Batting: RHB Tony Beaumond
|
0-0: Ball 1-0: Ball 2-0: Called Strike 2-1: Foul Ball, location: 2F 2-2: Fly out, F8 (Flyball, 78D, EV 92.5 MPH)
|
|
Batting: RHB Jose Cerritos
|
0-0: Ball 1-0: Called Strike 1-1: Foul Ball, location: 2F 1-2: Fly out, F8 (Flyball, 8RD, EV 97.5 MPH)
|
| Bottom of the 4th over - 0 runs, 0 hits, 0 errors, 0 left on base; Salem-Keizer 1 - Milwaukee (NYP) 2 |
| TOP OF THE 5TH |
|
Salem-Keizer Volcanoes batting - Pitching for Milwaukee (NYP) Brewers : RHP Brad Nathan
|
|
Batting: RHB Tony Harper
|
0-0: Foul Ball, location: 2F 0-1: Called Strike 0-2: Strikes out swinging
|
|
Batting: RHB Mario Mendoza
|
0-0: Ball 1-0: Swinging Strike 1-1: Foul Ball, location: 2F 1-2: Foul Ball, location: 2F 1-2: Strikes out swinging
|
|
Batting: LHB Joe Hoover
|
0-0: Foul Ball, location: 2F 0-1: Swinging Strike 0-2: Ball 1-2: Strikes out swinging
|
| Top of the 5th over - 0 runs, 0 hits, 0 errors, 0 left on base; Salem-Keizer 1 - Milwaukee (NYP) 2 |
| BOTTOM OF THE 5TH |
|
Milwaukee (NYP) Brewers batting - Pitching for Salem-Keizer Volcanoes : RHP Chong-hun Park
|
|
Batting: RHB Michael Dickerson
|
0-0: Ball 1-0: Fly out, F7 (Flyball, 78S, EV 91.2 MPH)
|
|
Batting: RHB Lorenzo Diaz
|
0-0: Called Strike 0-1: Fly out, F4 (Line Drive, 34, EV 75.0 MPH)
|
|
Batting: RHB Chris Riddel
|
0-0: Ball 1-0: Called Strike 1-1: Ground out 6-3 (Groundball, 6, EV 80.0 MPH)
|
| Bottom of the 5th over - 0 runs, 0 hits, 0 errors, 0 left on base; Salem-Keizer 1 - Milwaukee (NYP) 2 |
| TOP OF THE 6TH |
|
Salem-Keizer Volcanoes batting - Pitching for Milwaukee (NYP) Brewers : RHP Brad Nathan
|
|
Batting: LHB Tom Reynolds
|
0-0: Fly out, F8 (Line Drive, 78M, EV 99.4 MPH)
|
|
Batting: LHB Mike Sammons
|
0-0: Ball 1-0: Called Strike 1-1: Ball 2-1: Ball 3-1: Foul Ball, location: 2F 3-2: Ground out 6-3 (Groundball, 6, EV 85.0 MPH)
|
|
Batting: LHB Chris Raymond
|
0-0: Foul Ball, location: 2F 0-1: Fly out, F8 (Flyball, 78M, EV 90.6 MPH)
|
| Top of the 6th over - 0 runs, 0 hits, 0 errors, 0 left on base; Salem-Keizer 1 - Milwaukee (NYP) 2 |
| BOTTOM OF THE 6TH |
|
Milwaukee (NYP) Brewers batting - Pitching for Salem-Keizer Volcanoes : RHP Chong-hun Park
|
|
Batting: RHB Mohammed bin Ubaida
|
0-0: Foul Ball, location: 2F 0-1: Called Strike 0-2: Ball 1-2: Strikes out swinging
|
|
Batting: LHB Dusty Bryant
|
0-0: Called Strike 0-1: Ball 1-1: Ground out U3 (Groundball, 3S, EV 87.5 MPH)
|
|
Batting: RHB Ryan Miller
|
0-0: Ball 1-0: Foul Ball, location: 2F 1-1: Ball 2-1: Called Strike 2-2: Foul Ball, location: 2F 2-2: Foul Ball, location: 2F 2-2: Ground out 4-3 (Groundball, 34, EV 84.4 MPH)
|
| Bottom of the 6th over - 0 runs, 0 hits, 0 errors, 0 left on base; Salem-Keizer 1 - Milwaukee (NYP) 2 |
| TOP OF THE 7TH |
|
Salem-Keizer Volcanoes batting - Pitching for Milwaukee (NYP) Brewers : RHP Brad Nathan
|
|
Pitching: RHP Tristan Smeets
|
|
|
Batting: RHB Adrian Martinelli
|
0-0: Ball 1-0: Ball 2-0: Foul Ball, location: 2F 2-1: Fly out, F8 (Flyball, 78D, EV 93.1 MPH)
|
|
Batting: RHB Matt Fabre
|
0-0: Ball 1-0: Ball 2-0: Ball 3-0: Called Strike 3-1: SINGLE (Line Drive, 4D, EV 98.1 MPH)
|
|
Batting: SHB Curtis Thompson
|
0-0: Ball 1-0: Ball Passed Ball! Matt Fabre to second 2-0: DOUBLE (Line Drive, 5D, EV 102.5 MPH) Matt Fabre scores
|
|
Pinch Hitting: LHB Adrian Navarro
|
0-0: Intentional Walk
|
|
Pinch Hitting: LHB John Luke
|
0-0: Ball 1-0: Fly out, F6 (Popup, 6MS, EV 63.1 MPH)
|
|
Batting: LHB Joe Hoover
|
0-0: Called Strike 0-1: TRIPLE (Line Drive, 78XD, EV 105.0 MPH) Curtis Thompson scores Adrian Navarro scores
|
|
Batting: LHB Tom Reynolds
|
0-0: Called Strike 0-1: Foul Ball, location: 2F 0-2: Ball 1-2: Ball 2-2: Foul Ball, location: 2F 2-2: Foul Ball, location: 2F 2-2: Foul Ball, location: 2F 2-2: Foul Ball, location: 2F Balk! Joe Hoover scores 2-2: Ball 3-2: Base on Balls
|
|
Pitching: RHP Dustin Pryor
|
|
|
Batting: LHB Mike Sammons
|
0-0: Called Strike 0-1: Foul Ball, location: 2F 0-2: Ground out U3 (Groundball, 3, EV 101.2 MPH)
|
| Top of the 7th over - 4 runs, 3 hits, 0 errors, 1 left on base; Salem-Keizer 5 - Milwaukee (NYP) 2 |
| BOTTOM OF THE 7TH |
|
Milwaukee (NYP) Brewers batting - Pitching for Salem-Keizer Volcanoes : RHP Chong-hun Park
|
|
Now in LF: Joe Hoover
|
|
|
Now in CF: Houston Brock
|
|
|
Now in RF: Andy Cunningham
|
|
|
Batting: LHB John Fortin
|
0-0: DOUBLE (Flyball, 89XD, EV 97.5 MPH)
|
|
Batting: RHB Tony Beaumond
|
0-0: Ball 1-0: Foul Ball, location: 2F 1-1: Ball 2-1: Foul Ball, location: 2F 2-2: Ball 3-2: Strikes out swinging
|
|
Pitching: RHP Mitsuo Kuriyama
|
|
|
Batting: RHB Jose Cerritos
|
0-0: Called Strike 0-1: Fly out, F7 (Flyball, 7, EV 75.0 MPH)
|
|
Batting: RHB Michael Dickerson
|
0-0: Ball 1-0: Ground out 4-3 (Groundball, 4, EV 85.0 MPH)
|
| Bottom of the 7th over - 0 runs, 1 hit, 0 errors, 1 left on base; Salem-Keizer 5 - Milwaukee (NYP) 2 |
| TOP OF THE 8TH |
|
Salem-Keizer Volcanoes batting - Pitching for Milwaukee (NYP) Brewers : RHP Dustin Pryor
|
|
Batting: LHB Chris Raymond
|
0-0: Called Strike 0-1: Swinging Strike 0-2: Ball 1-2: Ball 2-2: Ball 3-2: Base on Balls
|
|
Batting: RHB Adrian Martinelli
|
0-0: Fielders Choice at 2nd, 6-4 (Groundball, 6, EV 85.6 MPH)
|
|
Batting: RHB Matt Fabre
|
0-0: Ball 1-0: Ball 2-0: Foul Ball, location: 2F 2-1: Ball 3-1: Base on Balls Adrian Martinelli to second
|
|
Batting: SHB Curtis Thompson
|
0-0: Fly out, F8 (Flyball, 8LM, EV 79.4 MPH)
|
|
Batting: RHB Andy Cunningham
|
0-0: Swinging Strike 0-1: Called Strike 0-2: Ball 1-2: Strikes out swinging
|
| Top of the 8th over - 0 runs, 0 hits, 0 errors, 2 left on base; Salem-Keizer 5 - Milwaukee (NYP) 2 |
| BOTTOM OF THE 8TH |
|
Milwaukee (NYP) Brewers batting - Pitching for Salem-Keizer Volcanoes : RHP Mitsuo Kuriyama
|
|
Now at 1B: J.R. Roberts
|
|
|
Now at SS: Jim Begger
|
|
|
Batting: RHB Lorenzo Diaz
|
0-0: Called Strike 0-1: Ball 1-1: Ball 2-1: Called Strike 2-2: Strikes out swinging
|
|
Batting: RHB Chris Riddel
|
0-0: Foul Ball, location: 2F 0-1: Called Strike 0-2: Foul Ball, location: 2F 0-2: Strikes out looking
|
|
Batting: RHB Mohammed bin Ubaida
|
0-0: Ball 1-0: Called Strike 1-1: Ball 2-1: Foul Ball, location: 2F 2-2: Foul Ball, location: 2F 2-2: Strikes out swinging
|
| Bottom of the 8th over - 0 runs, 0 hits, 0 errors, 0 left on base; Salem-Keizer 5 - Milwaukee (NYP) 2 |
| TOP OF THE 9TH |
|
Salem-Keizer Volcanoes batting - Pitching for Milwaukee (NYP) Brewers : RHP Dustin Pryor
|
|
Pitching: RHP Alejandro Souto
|
|
|
Batting: RHB Houston Brock
|
0-0: Called Strike 0-1: Called Strike 0-2: Ball 1-2: Ball 2-2: Strikes out looking
|
|
Batting: LHB Joe Hoover
|
0-0: Ball 1-0: Called Strike 1-1: Foul Ball, location: 2F 1-2: Strikes out swinging
|
|
Batting: LHB Tom Reynolds
|
0-0: Foul Ball, location: 2F 0-1: Foul Ball, location: 2F 0-2: Foul Ball, location: 2F 0-2: Ball 1-2: Ball 2-2: Ball 3-2: Hit by Pitch
|
|
Batting: LHB Mike Sammons
|
0-0: Ball 1-0: Called Strike Tom Reynolds steals 2nd base 1-1: Intentional Walk
|
|
Batting: RHB J.R. Roberts
|
0-0: Ball 1-0: Ball 2-0: Called Strike 2-1: Ball 3-1: SINGLE (Groundball, 6D, EV 103.1 MPH) Tom Reynolds to third Mike Sammons to second Runner from 3rd tries for Home, SAFE, throw by LF to home
|
|
Batting: RHB Adrian Martinelli
|
0-0: Called Strike 0-1: Ball 1-1: Foul Ball, location: 2F 1-2: Strikes out swinging
|
| Top of the 9th over - 1 run, 1 hit, 0 errors, 2 left on base; Salem-Keizer 6 - Milwaukee (NYP) 2 |
| BOTTOM OF THE 9TH |
|
Milwaukee (NYP) Brewers batting - Pitching for Salem-Keizer Volcanoes : RHP Mitsuo Kuriyama
|
|
Pitching: RHP Kenjyu Watanabe
|
|
|
Batting: LHB Dusty Bryant
|
0-0: Foul Ball, location: 2F 0-1: Swinging Strike 0-2: Foul Ball, location: 2F 0-2: Strikes out swinging
|
|
Batting: RHB Ryan Miller
|
0-0: Called Strike 0-1: Ground out 6-3 (Groundball, 6, EV 80.0 MPH)
|
|
Batting: LHB John Fortin
|
0-0: Called Strike 0-1: Called Strike 0-2: Foul Ball, location: 2F 0-2: Ball 1-2: Ball 2-2: Ball 3-2: Foul Ball, location: 2F 3-2: Foul Ball, location: 2F 3-2: Base on Balls
|
|
Batting: RHB Tony Beaumond
|
0-0: Called Strike 0-1: Swinging Strike 0-2: Strikes out looking
|
| Bottom of the 9th over - 0 runs, 0 hits, 0 errors, 1 left on base; Salem-Keizer 6 - Milwaukee (NYP) 2 |
|